 Seeded DCSS version 0.27-a0-287-gd4424db (webtiles) character file.

Game seed: 8970044951668027714 (custom seed)

29489 brinewave the Protected (level 13, -8/83 HPs)
             Began as a Tengu Fighter on Feb 8, 2021.
             Was a High Priest of Qazlal.
             Mangled by a salamander
             ... wielding a +0 trident
              (12 damage)
             ... on level 1 of the Snake Pit.
             The game lasted 01:36:40 (19494 turns).

brinewave the Protected (Tengu Fighter)            Turns: 19494, Time: 01:36:41

Health: -8/83      AC: 30    Str: 19    XL:     13   Next: 45%
Magic:  14/14      EV:  9    Int:  9    God:    Qazlal [*****.]
Gold:   1186       SH: 19    Dex: 22    Spells: 12/12 levels left

rFire    . . .     SeeInvis .   a - +5 rapier (venom)
rCold    . . .     Faith    .   c - +0 kite shield
rNeg     . . .     Spirit   .   F - +0 plate armour
rPois    .         Reflect  .   K - +1 hat {Will+}
rElec    .         Harm     .   w - +2 cloak
rCorr    .         Rampage  .   z - +2 pair of gloves
Will     +....                  (boots unavailable)
Stlth    ..........             (no amulet)
HPRegen  0.23/turn              R - +6 ring of dexterity
MPRegen  0.14/turn              p - +4 ring of protection

@: about to teleport, protected from physical damage, flying quickly and
evasively, constricted, repel missiles, quick
A: beak, talons 3, able to fly
a: Stop Flying, Renounce Religion, Upheaval, Elemental Force, Disaster Area


You were on level 1 of the Snake Pit.
You worshipped Qazlal.
Qazlal was extremely pleased with you.
You visited 6 branches of the dungeon, and saw 19 of its levels.
You also visited: Sewer and Bailey.

You collected 1186 gold pieces.

Inventory:

Hand Weapons
 a - a +5 rapier of venom (weapon)
 h - a +2 dagger of speed
 m - a +2 dagger of freezing
 Q - a +1 shortbow of freezing
Missiles
 y - 140 bolts
 A - 52 poisoned darts (quivered)
 I - 194 arrows
Armour
 c - a +0 kite shield (worn)
 w - a +2 cloak (worn)
 z - a +2 pair of gloves (worn)
 F - a +0 plate armour (worn)
 K - a +1 hat of willpower (worn)
Jewellery
 e - an uncursed ring of see invisible {unknown}
 p - a +4 ring of protection (right hand)
 R - a +6 ring of dexterity (left hand)
 X - an uncursed ring of protection from fire
 Z - an uncursed ring of fire
Wands
 n - a wand of polymorph (17)
 q - a wand of digging (9)
 r - a wand of iceblast (31)
 T - a wand of acid (23)
 W - a wand of paralysis (19)
 Y - a wand of flame (15)
Scrolls
 g - a scroll of vulnerability
 j - a scroll of noise
 l - a scroll of enchant weapon
 B - 2 scrolls of fog
 E - 3 scrolls of magic mapping
 H - 4 scrolls of amnesia
 L - 6 scrolls of teleportation
 V - a scroll of torment
Potions
 b - a potion of invisibility
 d - 5 potions of might
 f - 2 potions of cancellation
 i - 4 potions of heal wounds
 k - a potion of resistance
 o - 3 potions of haste
 s - 10 potions of brilliance
 t - 4 potions of attraction
 v - 10 potions of curing
 C - 5 potions of flight
 D - a potion of berserk rage
 M - a potion of magic
 O - 8 potions of ambrosia
 P - 3 potions of lignification


   Skills:
 + Level 10.5 Fighting
 + Level 11.1 Short Blades
 + Level 8.2 Bows
 + Level 11.3 Armour
 + Level 6.9 Dodging
 - Level 4.3 Stealth
 + Level 10.5 Shields


You had 12 spell levels left.
You didn't know any spells.
Your spell library contained the following spells:

 Spells                   Type           Power        Failure   Level
 Foxfire                  Conj/Fire      0%           100%        1
 Magic Dart               Conj           0%           100%        1
 Shock                    Conj/Air       0%           100%        1
 Poisonous Vapours        Pois/Air       0%           100%        2
 Searing Ray              Conj           0%           100%        2
 Swiftness                Air            0%           100%        2
 Confusing Touch          Hex            0%           100%        3
 Conjure Flame            Conj/Fire      0%           100%        3
 Dazzling Flash           Conj/Hex       0%           100%        3
 Gell's Gravitas          Tloc           0%           100%        3
 Inner Flame              Hex/Fire       0%           100%        3
 Mephitic Cloud           Conj/Pois/Air  0%           100%        3
 Static Discharge         Conj/Air       0%           100%        3
 Airstrike                Air            0%           100%        4
 Fulminant Prism          Conj/Hex       0%           100%        4
 Iskenderun's Mystic Bla  Conj/Tloc      0%           100%        4
 Petrify                  Tmut/Erth      0%           100%        4
 Sticky Flame             Conj/Fire      0%           100%        4
 Fireball                 Conj/Fire      0%           100%        5
 Lightning Bolt           Conj/Air       0%           100%        5
 Metabolic Englaciation   Hex/Ice        0%           100%        5
 Summon Forest            Summ/Tloc      0%           100%        5
 Summon Mana Viper        Hex/Summ       0%           100%        5
 Yara's Violent Unravell  Hex/Tmut       0%           100%        5
 Freezing Cloud           Conj/Ice/Air   0%           100%        6
 Shadow Creatures         Summ           N/A          100%        6
 Summon Hydra             Summ           0%           100%        7


Dungeon Overview and Level Annotations

Branches:
Dungeon (11/15)            Temple (1/1) D:5            Lair (4/6) D:11
 Shoals (1/4) Lair:3        Snake (1/4) Lair:4          Orc (1/2) D:10
  Sewer (visited)          Bailey (visited)

Altars:
Ashenzari
Cheibriados
Dithmenos
Elyvilon
Fedhas
Gozag
Hepliaklqana
Kikubaaqudgha
Makhleb
Nemelex Xobeh
Okawaru
Qazlal
Ru
Sif Muna
Trog
Uskayaw
Vehumet
Wu Jian
Xom
Yredelemnul
Zin
The Shining One

Shops:
D:10 (   Snake:1 [([*


Innate Abilities, Weirdness & Mutations

You have a beak for a mouth.
You have claws for feet.
You can fly continuously.


Message History

The anaconda bites you!
* * * LOW HITPOINT WARNING * * *
Your resistance to fire fades away.
You feel protected from physical attacks.
The anaconda constricts you. You block the salamander's attack.
You block the anaconda's attack. The anaconda constricts you.
You block the salamander's attack. The naga spits poison at you.
The splash of poison is repelled.
The black mamba misses you.
As you read the scroll of teleportation, it crumbles to dust.
You feel strangely unstable.
The anaconda bites you but does no damage.
The anaconda constricts you. You block the salamander's attack.
The black mamba barely misses you.
The anaconda bites you but does no damage.
The anaconda constricts you.
The salamander hits you from afar with a +0 trident!
* * * LOW HITPOINT WARNING * * *
You are engulfed in flames!
You die...

#....## #.#..##
#N....# ##.###..#
##...## #
##..#..##
##§N.N...##
##.SS.°....#
#.§○@○☼°..N.#
#..○...°.....N#
....#°∩..#..∩.#...
..#.............#.
. ##...........##
##....∩....##
##.$.....##
##..#..##


You could see 2 salamanders, an anaconda, a black mamba and 2 nagas.

Vanquished Creatures
  Gastronok (D:8)
  5 hydras
  An anaconda (Lair:4)
  2 two-headed ogres (D:11)
  A lindwurm (Lair:4)
  A cyclops (D:9)
  4 black mambas
  A naga mage (Snake:1)
  A centaur skeleton (D:11)
  14 cane toads
  4 komodo dragons (Lair:2)
  A troll (D:9)
  A hornet (D:9)
  3 polar bears
  A wind drake (Lair:3)
  Grinder (D:4)
  A queen bee (Lair:3)
  Sigmund (D:2)
  3 wyverns
  20 yaks
  Edmund (D:4)
  Menkaure (D:4)
  7 nagas (Lair:4)
  5 water moccasins
  An acid dragon (D:9)
  3 sky beasts
  4 ice beasts
  10 orc warriors
  4 black bears
  A hornet zombie (D:9)
  4 centaurs
  7 wolves
  5 ogres
  A kobold brigand (D:11)
  2 phantoms
  3 elf skeletons (D:6)
  10 bullfrogs
  A water moccasin zombie (D:9)
  3 scorpions
  A water moccasin skeleton (D:6)
  30 killer bees
  4 electric eels (D:10)
  7 wights
  A bullfrog zombie (D:7)
  2 centaur zombies (D:9)
  3 jellies
  7 orc priests
  6 hounds
  4 iguanas
  3 bullfrog skeletons
  A human skeleton (D:6)
  12 orc wizards
  6 worker ants
  A bullfrog simulacrum (D:9)
  9 adders
  6 river rats
  2 shadow imps
  4 white imps
  3 ufetubi
  An adder zombie (D:9)
  A worm (D:3)
  3 dart slugs
  6 leopard geckos
  55 orcs
  8 ball pythons
  12 bats
  3 giant cockroaches
  9 goblins
  14 hobgoblins
  17 jackals
  31 kobolds
  5 quokkas
  5 frilled lizards
  A leopard gecko zombie (D:5)
  2 orc skeletons (D:6)
  A quokka zombie (D:9)
  26 rats
452 creatures vanquished.

Vanquished Creatures (others)
  12 fungi
  16 plants
28 creatures vanquished.

Grand Total: 480 creatures vanquished

Notes
Turn   | Place    | Note
-------+----------+-------------------------------------------
     0 | D:1      | brinewave the Tengu Fighter began the quest for the Orb.
     0 | D:1      | Reached XP level 1. HP: 14/14 MP: 2/2
    90 | D:1      | Reached XP level 2. HP: 15/19 MP: 3/3
   379 | D:1      | Reached XP level 3. HP: 22/23 MP: 4/4
  1011 | D:2      | Reached XP level 4. HP: 25/28 MP: 5/5
  1071 | D:2      | Noticed Sigmund
  1094 | D:2      | Killed Sigmund
  1095 | D:2      | Gained mutation: You can fly continuously. [Tengu growth]
  1095 | D:2      | Reached XP level 5. HP: 3/33 MP: 6/6
  1095 | D:2      | Reached XP level 6. HP: 4/38 MP: 7/7
  1407 | D:2      | Found a faded altar of an unknown god.
  2036 | D:3      | Found a glowing drain.
  2088 | Sewer    | Entered a sewer
  2637 | Sewer    | Reached skill level 5 in Armour
  3357 | D:3      | Found a sacrificial altar of Ru.
  3429 | D:4      | Reached XP level 7. HP: 44/44 MP: 8/8
  3502 | D:4      | Noticed Grinder
  3522 | D:4      | Killed Grinder
  3523 | D:4      | Reached skill level 5 in Shields
  3782 | D:4      | Noticed Edmund
  3797 | D:4      | Killed Edmund
  3798 | D:4      | Reached skill level 5 in Fighting
  3798 | D:4      | Reached skill level 5 in Short Blades
  3977 | D:4      | Found a shimmering blue altar of Sif Muna.
  4079 | D:4      | Noticed Menkaure
  4097 | D:4      | Killed Menkaure
  4098 | D:4      | Reached XP level 8. HP: 15/49 MP: 9/9
  4389 | D:4      | Found a radiant altar of Vehumet.
  4456 | D:5      | Entered Level 5 of the Dungeon
  5190 | D:5      | Found a staircase to the Ecumenical Temple.
  5202 | Temple   | Entered the Ecumenical Temple
  5301 | Temple   | Became a worshipper of Qazlal Stormbringer
  5696 | D:6      | Found a bloodstained altar of Trog.
  5745 | D:6      | Found a hazy altar of Hepliaklqana.
  5772 | D:6      | Found a glowing silver altar of Zin.
  5775 | D:6      | Found a shadowy altar of Dithmenos.
  6172 | D:6      | Reached XP level 9. HP: 52/55 MP: 10/10
  6825 | D:6      | Reached * piety under Qazlal
  7342 | D:7      | Found a basalt altar of Yredelemnul.
  7344 | D:7      | Found an ornate altar of the Wu Jian Council.
  7424 | D:7      | Found a flagged portal.
  7433 | Bailey   | Entered a bailey
  7943 | D:7      | Found a sacrificial altar of Ru.
  8243 | D:8      | Noticed Gastronok
  8673 | D:6      | Reached skill level 1 in Bows
  8673 | D:6      | Reached skill level 1 in Stealth
  8901 | D:7      | Reached XP level 10. HP: 29/63 MP: 11/11
  9115 | D:8      | HP: 1/63 [Gastronok (5)]
  9122 | D:8      | Killed Gastronok
  9747 | D:9      | Reached ** piety under Qazlal
 10212 | D:9      | Reached XP level 11. HP: 59/68 MP: 12/12
 10534 | D:9      | Reached skill level 1 in Dodging
 11078 | D:9      | Reached *** piety under Qazlal
 11220 | D:9      | Noticed a cyclops
 11229 | D:9      | Killed a cyclops
 11894 | D:9      | Found an iron altar of Okawaru.
 11894 | D:9      | Found a burning altar of Makhleb.
 11901 | D:9      | Found a faded altar of an unknown god.
 11903 | D:9      | Found a broken altar of Ashenzari.
 11905 | D:9      | Found an ancient bone altar of Kikubaaqudgha.
 11950 | D:10     | Entered Level 10 of the Dungeon
 12022 | D:10     | Found Rolaor's Weapon Boutique.
 12600 | D:10     | Reached skill level 5 in Bows
 13389 | D:10     | Found a staircase to the Orcish Mines.
 13492 | Orc:1    | Entered Level 1 of the Orcish Mines
 13498 | Orc:1    | Noticed an orc sorcerer
 13500 | Orc:1    | Noticed a sixfirhy
 13508 | Orc:1    | Noticed an orc warlord
 13508 | Orc:1    | HP: 3/69 [sixfirhy[an orc warlord] (10)]
 14190 | D:11     | Noticed a four-headed hydra
 14201 | D:11     | Killed a four-headed hydra
 14213 | D:11     | Noticed a two-headed ogre
 14224 | D:11     | Killed a two-headed ogre
 14224 | D:11     | Reached **** piety under Qazlal
 14488 | D:11     | Noticed a two-headed ogre
 14500 | D:11     | Killed a two-headed ogre
 14760 | D:11     | Reached skill level 10 in Armour
 14966 | D:11     | Reached XP level 12. HP: 76/76 MP: 13/13
 15034 | D:11     | Found a staircase to the Lair.
 15102 | Lair:1   | Entered Level 1 of the Lair of Beasts
 15306 | Lair:1   | Reached skill level 10 in Short Blades
 16248 | Lair:2   | Reached skill level 5 in Dodging
 16262 | Lair:2   | Noticed an eight-headed hydra
 16272 | Lair:2   | Killed an eight-headed hydra
 16625 | Lair:2   | Noticed an eight-headed hydra
 16634 | Lair:2   | Killed an eight-headed hydra
 17120 | Lair:3   | Noticed a six-headed hydra
 17134 | Lair:3   | Killed a six-headed hydra
 17135 | Lair:3   | Reached skill level 10 in Fighting
 17140 | Lair:3   | Reached skill level 10 in Shields
 17427 | Lair:2   | Reached XP level 13. HP: 75/82 MP: 14/14
 17856 | Lair:3   | Found a staircase to the Shoals.
 17889 | Shoals:1 | Entered Level 1 of the Shoals
 18351 | Lair:2   | Reached ***** piety under Qazlal
 19395 | Lair:4   | Found a staircase to the Snake Pit.
 19414 | Snake:1  | Entered Level 1 of the Snake Pit
 19479 | Snake:1  | Found Xokynus's General Store.
 19479 | Snake:1  | Found Osom Tou's Armour Boutique.
 19482 | Snake:1  | Found Xiut's Antique Weapon Boutique.
 19490 | Snake:1  | Found Afu Saaf's Antique Armour Shop.
 19494 | Snake:1  | HP: 4/83 [salamander/+0 trident (11)]
 19494 | Snake:1  | Mangled by a salamander

Illustrated notes

Levels and vault maps discovered:
D:1:      dpeg_arrival_round_b, layout_basic, chequers_serial_rivers_marsh,
          corexii_item_surrounded_by_moat
D:2:      layout_loops_ring, chequers_ecumenical_altar_simple, uniq_sigmund
D:3:      layout_basic, cheibrodos_sewer_entry_sluice, nicolae_ru_path_of_blood
D:4:      layout_rooms, lemuel_coloured_pillars_altar, kennysheep_mini_moat,
          uniq_menkaure, uniq_edmund, uniq_grinder
D:5:      layout_cave_pools, temple_hall
D:6:      layout_loops_ring, marbit_many_paths, minitemple,
          nicolae_ossuary_entry_catacombs
D:7:      layout_layer_cave, chequers_temple_overflow_statue_of_worship,
          basic_altar, enter_bailey_2
D:8:      layout_rooms, uniq_gastronok
D:9:      minmay_the_grid_3x3 [minmay_the_grid_eight,
          minmay_the_grid_outer_circle, minmay_the_grid_holed_spiral,
          minmay_the_grid_spikes, minmay_the_grid_dragon_a,
          minmay_the_grid_rooms, minmay_the_grid_expand,
          minmay_the_grid_stretched_grid, minmay_the_grid_prize_inner_circle],
          layout_irregular_city, chequers_temple_overflow_minitemple
D:10:     layout_loops_ring, erik_orc_2, serial_shops, shop
D:11:     layout_long_grid, lair_entry_dummy
Temple:   jpeg_temple_alley_garden
Lair:1:   layout_small_grid, columned_hall_lemuel, beast_lair_carwin_7
Lair:2:   layout_long_grid, infiniplex_staircase_pool_2, serial_bayou_shore_a,
          lemuel_fruit_tree, serial_bayou_shore_b, grunt_megastairs_1
Lair:3:   layout_small_grid, elwin_shoals_entry_rocks, special_room
          [special_room_bee]
Lair:4:   layout_loops_ring, minmay_snake_entry_guardpost_large,
          grunt_megastairs_3
Shoals:1: layout_shoals
Snake:1:  layout_concentric_octagons, grunt_ministairs_1, minmay_shoptagon,
          uniq_aizul
Orc:1:    layout_diamond_mine, uniq_sonja, uniq_erica

Skill      XL: |  1  2  3  4  5  6  7  8  9 10 11 12 13 |
---------------+----------------------------------------+-----
Short Blades   | 3 4 5 6 7 8 9 10 11 | 11.1
Armour         | 4 5 6 8 9 10 11 | 11.3
Fighting       | 4 5 6 7 8 9 10 | 10.5
Shields        | 4 5 6 7 8 9 10 | 10.5
Bows           | 1 4 5 7 8 |  8.2
Stealth        | 1 4 |  4.3
Dodging        | 3 6 |  6.9

Action                   |  1- 3 |  4- 6 |  7- 9 | 10-12 | 13-15 || total
-------------------------+-------+-------+-------+-------+-------++-------
Melee: Rapier            |    65 |   201 |   336 |   587 |   184 ||  1373
       Peck              |    14 |    30 |    82 |   169 |    54 ||   349
       Kick              |    15 |    55 |   123 |   290 |    92 ||   575
 Fire: Shortbow          |       |       |       |    35 |       ||    35
Throw: Dart              |       |       |     5 |     5 |       ||    10
 Abil: Fly               |       |       |       |     1 |       ||     1
  Use: Scroll            |     5 |     4 |    14 |    14 |     6 ||    43
       Potion            |       |       |     1 |     4 |     1 ||     6
Armor: Scale mail        |    36 |    80 |   109 |   125 |    30 ||   380
       Plate armour      |       |       |       |       |    24 ||    24
Dodge: Dodged            |    12 |    58 |    80 |   190 |    96 ||   436
       Repelled          |       |       |       |       |     5 ||     5
Block: Kite shield       |    26 |   114 |   143 |   268 |   216 ||   767
       Other             |       |       |       |    13 |       ||    13

Table legend: (Time is in decaauts)
 A = Elapsed time spent in this place.
 B = Non-inter-level travel time spent in this place.
 C = Inter-level travel time spent in this place.
 D = Time resting spent in this place.
 E = Time spent auto-exploring this place.
 F = Levels seen in this place.
 G = Mean time per level.
                   A        B        C        D        E       F      G
               +--------+--------+--------+--------+--------+-----+--------+
         Total |  19135 |  18773 |    362 |   6262 |   6327 |  21 |  911.2 |
       Dungeon |  13711 |  13452 |    259 |   4751 |   4578 |  11 | 1246.5 |
        Temple |    266 |    212 |     54 |      0 |    185 |   1 |  266.0 |
          Lair |   4013 |   3965 |     48 |   1125 |   1210 |   4 | 1003.2 |
        Shoals |      7 |      7 |      0 |      0 |      0 |   1 |    7.0 |
     Snake Pit |     33 |     33 |      0 |      0 |      0 |   1 |   33.0 |
  Orcish Mines |     15 |     15 |      0 |      0 |      0 |   1 |   15.0 |
         Sewer |   1029 |   1029 |      0 |    386 |    354 |   1 | 1029.0 |
        Bailey |     58 |     58 |      0 |      0 |      0 |   1 |   58.0 |
               +--------+--------+--------+--------+--------+-----+--------+

Top non-repeatable levels by time:
     D:9: 2261 daAuts
     D:6: 2109 daAuts
    D:10: 2096 daAuts
  Lair:3: 1266 daAuts
  Lair:2: 1165 daAuts
     D:7: 1126 daAuts
     D:4: 1059 daAuts
     D:2: 1045 daAuts
   Sewer: 1029 daAuts
  Lair:1: 983 daAuts
     D:1: 968 daAuts
    D:11: 920 daAuts
     D:5: 866 daAuts
     D:8: 816 daAuts
  Lair:4: 598 daAuts
